 Dungeon Crawl Stone Soup version 0.27-a0-1232-gc6a4cbde82 (webtiles) character file.

Game seed: 11760796496656871981

129356 freelancePsychic the Scorcher (level 17, -9/139 HPs)
             Began as a Human Conjurer on June 8, 2021.
             Was a High Priest of Ashenzari.
             Mangled by a soul eater (16 damage)
             ... in a wizard's laboratory.
             The game lasted 01:30:27 (36008 turns).

freelancePsychic the Scorcher (Human Conjurer)     Turns: 36008, Time: 01:30:27

Health: -9/139     AC: 11    Str:  3    XL:     17   Next: 61%
Magic:  3/34       EV: 19    Int: 40    God:    Ashenzari [*****.]
Gold:   1310       SH:  8    Dex: 18    Spells: 16/43 levels left

rFire    + + .     SeeInvis +   n - staff of fire (curse) {Bglg, Melee}
rCold    + + +     Faith    .   j - +3 buckler of the Cryptic Anxiety {rC+, Range, Bglg} (curse)
rNeg     + + +     Spirit   .   A - +2 robe {rC+ rF+}
rPois    .         Reflect  .   q - +2 helmet "Sun of the All-Knowing" {Int+3, Bglg, Range} (curse)
rElec    .         Harm     .   X - scarf {rC+ rF+}
rCorr    +         Rampage  .   b - +4 pair of gloves of Ashenzari's Augurer {rN++ Str-4 Int+7, Elem, Bglg} (curse)
Will     +++..     Clarity  +   F - +2 pair of boots of Ashenzari's Insecurity {Melee, Self} (curse)
Stlth    +++.......             S - amulet "Circumscribed Ennui" {RegenMP *Corrode +Inv Slay+4, Cun, Elem} (curse)
HPRegen  0.33/turn              Q - ring of Ashenzari's Ennui {rF- rN+ Will++ Int+4 Dex+6, Self, Melee} (curse)
MPRegen  0.49/turn              E - ring of Supernal Understanding {rCorr, Bglg, Evo} (curse)

@: corroded
A: no striking features
a: Renounce Religion, Evoke Invisibility, Shatter the Chains


You were in a wizard's laboratory.
You worshipped Ashenzari.
Ashenzari was extremely pleased with you.
You visited 5 branches of the dungeon, and saw 25 of its levels.
You also visited: Sewer, Ice Cave and Wizlab.

You collected 2142 gold pieces.
You spent 832 gold pieces at shops.

Inventory:

Hand Weapons
 v - the +6 demon blade "Sirucaangu" {vorpal, Int+3}
   (You found it in an ice cave)

   It inflicts extra damage upon your enemies.
   It affects your intelligence (+3).
Armour
 b - the cursed +4 pair of gloves of Ashenzari's Augurer (worn) {rN++ Str-4 Int+7, Elem, Bglg}
   (You found it in an ice cave)

   It affects your strength (-4).
   It affects your intelligence (+7).
   It greatly protects you from negative energy.
   It has a curse which improves the following skills: Elements: Fire Magic, Ice
   Magic, Air Magic and Earth Magic.
   Beguiling: Conjurations, Hexes and Translocations.
 j - the cursed +3 buckler of the Cryptic Anxiety (worn) {rC+, Range, Bglg}
   (You found it in an ice cave)

   It has a curse which improves the following skills: Ranged Combat: Slings,
   Bows, Crossbows and Throwing.
   Beguiling: Conjurations, Hexes and Translocations.
 q - the cursed +2 helmet "Sun of the All-Knowing" (worn) {Int+3, Bglg, Range}
   (You found it in an ice cave)

   It has a curse which improves the following skills: Beguiling: Conjurations,
   Hexes and Translocations.
   Ranged Combat: Slings, Bows, Crossbows and Throwing.
 A - a +2 robe of resistance (worn)
 F - the cursed +2 pair of boots of Ashenzari's Insecurity (worn) {Melee, Self}
   (You found it on level 10 of the Dungeon)

   It has a curse which improves the following skills: Melee Combat: Short
   Blades, Long Blades, Axes, Maces & Flails, Polearms, Staves and Unarmed
   Combat.
   Introspection: Fighting and Spellcasting.
 O - +2 ice dragon scales
 X - a scarf of resistance (worn)
Magical Staves
 n - a cursed staff of fire (weapon) {Bglg, Melee}
Jewellery
 a - a +6 ring of dexterity
 m - a ring of fire
 E - the cursed ring of Supernal Understanding (right hand) {rCorr, Bglg, Evo}
   (You found it on level 10 of the Dungeon)

   [ring of resist corrosion]

   It protects you from acid and corrosion.
   It has a curse which improves the following skills: Beguiling: Conjurations,
   Hexes and Translocations.
   Evocations: Evocations.
 Q - the cursed ring of Ashenzari's Ennui (left hand) {rF- rN+ Will++ Int+4 Dex+6, Self, Melee}
   (You found it on level 3 of the Lair of Beasts)

   [ring of dexterity]

   It affects your intelligence (+4).
   It affects your dexterity (+6).
   It makes you vulnerable to fire.
   It protects you from negative energy.
   It greatly increases your willpower.
   It has a curse which improves the following skills: Introspection: Fighting
   and Spellcasting.
   Melee Combat: Short Blades, Long Blades, Axes, Maces & Flails, Polearms,
   Staves and Unarmed Combat.
 S - the cursed amulet "Circumscribed Ennui" (around neck) {RegenMP *Corrode +Inv Slay+4, Cun, Elem}
   (You found it on level 13 of the Dungeon)

   [amulet of magic regeneration]

   It increases your rate of magic regeneration.
   It affects your accuracy and damage with ranged weapons and melee attacks
   (+4).
   It lets you turn invisible.
   It may corrode you when you take damage.
   It has a curse which improves the following skills: Cunning: Dodging and
   Stealth.
   Elements:  Fire Magic, Ice Magic, Air Magic and Earth Magic.
 T - an amulet of guardian spirit
 W - a ring of magical power
 Y - the ring "Koso" {rC+ Str+6}
   (You acquired it on level 15 of the Dungeon)

   [ring of strength]

   It affects your strength (+6).
   It protects you from cold.
Wands
 t - a wand of polymorph (11)
 x - a wand of mindburst (2)
 z - a wand of flame (58)
 I - a wand of iceblast (17)
 N - a wand of paralysis (14)
Scrolls
 g - 3 scrolls of amnesia
 o - 2 scrolls of torment
 p - 5 scrolls of teleportation {@r4}
 u - 3 scrolls of blinking
 w - 4 scrolls of magic mapping
 y - 3 scrolls of immolation
 G - 3 scrolls of fear
 H - 2 scrolls of enchant armour
 K - a scroll of silence
 M - 3 scrolls of enchant weapon
 R - a scroll of brand weapon
Potions
 e - 4 potions of haste {@q3}
 f - 8 potions of curing {@q1}
 h - 7 potions of resistance
 k - 4 potions of might
 l - 7 potions of flight
 r - 9 potions of mutation
 s - 2 potions of heal wounds {@q2}
 C - a potion of berserk rage
 L - 3 potions of cancellation
 V - 3 potions of brilliance
Miscellaneous
 P - a condenser vane (inert)
 U - a box of beasts (inert)


   Skills:
 - Level 10.2(14.0) Fighting
 - Level 2.9(7.2) Staves
 - Level 9.2(11.7) Dodging
 - Level 2.0(4.0) Stealth
 - Level 4.0 Shields
 - Level 10.1(13.9) Spellcasting
 - Level 12.6(19.4) Conjurations
 - Level 5.2(12.0) Translocations
 - Level 18.0(21.2) Fire Magic
 + Level 8.4(12.3) Earth Magic
 - Level 2.0(4.0) Evocations


You had 16 spell levels left.
You knew the following spells:

 Your Spells              Type           Power      Damage    Failure   Level
a - Magic Dart            Conj           100%       1d8       0%          1
b - Searing Ray           Conj           100%       3d7       0%          2
c - Iskenderun's Mystic   Conj/Tloc      100%       2d19      1%          4
d - Starburst             Conj/Fire      68%        8x6d18    1%          6
e - Ignition              Fire           69%        3d18      1%          8
f - Iron Shot             Conj/Erth      50%        9d10      1%          6

Your spell library contained the following spells:

 Spells                   Type           Power      Damage    Failure   Level
 Foxfire                  Conj/Fire      100%       2x1d9     0%          1
 Conjure Flame            Conj/Fire      100%       6-21      0%          3
 Sticky Flame             Conj/Fire      100%       2d11      0%          4
 Fireball                 Conj/Fire      68%        3d26      0%          5
 Iskenderun's Battlesphe  Conj           100%       2d15      0%          5
 Animate Skeleton         Necr           54%        N/A       1%          1
 Pain                     Necr           100%       1d9       1%          1
 Shock                    Conj/Air       100%       1d9       1%          1
 Static Discharge         Conj/Air       83%        N/A       1%          2
 Sublimation of Blood     Necr           13%        N/A       1%          2
 Dazzling Flash           Conj/Hex       100%       N/A       1%          3
 Gell's Gravitas          Tloc           45%        N/A       1%          3
 Ignite Poison            Fire/Tmut/Pois 91%        N/A       1%          3
 Inner Flame              Hex/Fire       100%       N/A       1%          3
 Fulminant Prism          Conj/Hex       42%        3d20      1%          4
 Petrify                  Tmut/Erth      67%        N/A       1%          4
 Lightning Bolt           Conj/Air       41%        1d60      1%          5
 Confusing Touch          Hex            37%        N/A       2%          3
 Swiftness                Air            32%        N/A       2%          3
 Vampiric Draining        Necr           13%        2d7       3%          3
 Cause Fear               Hex            18%        N/A       8%          4
 Airstrike                Air            16%        N/A       10%         4
 Animate Dead             Necr           13%        N/A       12%         4
 Metabolic Englaciation   Hex/Ice        17%        N/A       22%         5
 Silence                  Hex/Air        17%        N/A       22%         5
 Yara's Violent Unravell  Hex/Tmut       16%        3d8       26%         5
 Agony                    Necr           27%        N/A       32%         5
 Excruciating Wounds      Necr           13%        N/A       32%         5
 Discord                  Hex            18%        N/A       100%        8


Dungeon Overview and Level Annotations

Branches:
Dungeon (15/15)            Temple (1/1) D:5            Lair (6/6) D:11
  Swamp (0/4) Lair:3       Spider (0/4) Lair:4        Slime (0/5) Lair:6
    Orc (2/2) D:12            Elf (1/3) Orc:2        Vaults (0/5) D:13
 Depths (0/5) D:15          Sewer (visited)           IceCv (visited)
 WizLab (1/1)

Altars:
Ashenzari
Dithmenos
Elyvilon
Fedhas
Gozag
Hepliaklqana
Kikubaaqudgha
Makhleb
Nemelex Xobeh
Okawaru
Qazlal
Ru
Sif Muna
Trog
Uskayaw
Vehumet
Wu Jian
Xom
Yredelemnul
Zin
The Shining One
Beogh

Shops:
D:6 *   D:14 ![(   Orc:2 *=??:

Annotations:
D:4 1 transporter
D:7 2 transporters, barkas's ghost, novice NaCj
D:9 Gastronok
D:10 1 runed translucent door
D:13 pokeman's ghost, journeyman DEWz


Message History

The sun demon is almost dead.
Your surroundings suddenly seem different.
A shadow demon comes into view.
A ynoxinul comes into view.
Found a potion of curing.
The hellion gestures at you.
The sphere of damnation explodes!
The damnation engulfs you!!
The shadow demon gestures.
As you read the scroll of fog, it crumbles to dust.
The scroll dissolves into smoke.
The hellion gestures at you.
The sphere of damnation explodes!
The damnation engulfs you!!
The ynoxinul gestures.
Found 28 gold pieces.
You see here 50 gold pieces.
The hellion gestures at you.
The sphere of damnation explodes!
The damnation engulfs you!!!
* * * LOW HITPOINT WARNING * * *
Your corrosive artefact corrodes you!
Casting: Iron Shot (mildly dangerous; 1% risk of failure)
Confirm with . or Enter, or press ? or * to list all spells.
Casting: Ignition (dangerous; 1% risk of failure)
Press: ? - help, Dir - look around, f - activate You feel a surge of power!
The air bursts into flame!
The fireball engulfs the shadow demon!!
The shadow demon is moderately wounded.
The fireball engulfs the hellion!!
The hellion is severely wounded.
The fireball engulfs the soul eater!!
The soul eater is heavily wounded.
The fireball engulfs the ynoxinul!!!
You kill the ynoxinul!
The ufetubus disappears in a puff of smoke! x2
The fireball engulfs the hellion!!
You kill the hellion!
The fireball engulfs the shadow demon!!
The shadow demon is severely wounded.
The fireball engulfs the shadow demon!!
You kill the shadow demon!
The soul eater hits you!
You die...

##..,......$........ ,, ,*..
*#...,................,,,.##..,
*..................... .....#*
,.......$.......!.....{ .....#,
,...........................,*
*,
..........§§§............,,,,,
....#.3{..§§§§§........##*, * .
#!{{.§§§§§§...".....2 , *,
,..#3.2.§2§3@§........###. , *,
, .........§§§§............. ,
*
,,.........§§§§.§§....#.....,,
......(.....§.$.....$......#{
*,...........................#
* .........................#...
#.........[.............).... *
*..........3...........#...
##................{.......


You could see a soul eater and a shadow demon.

Vanquished Creatures
  A Tzitzimitl (WizLab)
  Frances (D:13)
  A cacodemon (WizLab)
  A reaper (IceCv)
  3 dire elephants (Lair:6)
  3 ettins
  The ghost of Ujot the Carver, a journeyman DsGl of Okawaru (D:15)
  A vault guard (D:13)
  An ice dragon (Lair:4)
  A boulder beetle (D:13)
  10 hydras
  The ghost of lunkers the Geomancer, a journeyman FoEE of Vehumet (D:11)
  7 two-headed ogres
  3 centaur warriors
  A catoblepas (D:13)
  A dancing weapon (Elf:1)
  15 death yaks
  3 spectral dire elephants (Lair:6)
  3 orc high priests (Orc:2)
  2 tengu warriors
  The ghost of Gainor the Martial Artist, a novice HuMo of Wu Jian (Lair:1)
  2 soul eaters (WizLab)
  A spectral anaconda (Lair:6)
  A shadow demon (WizLab)
  2 deep trolls (D:15)
  3 bog bodies (Lair:3)
  An obsidian statue (Lair:6)
  A lindwurm (Lair:1)
  A wizard (D:13)
  Pikel (D:8)
  5 orc knights
  10 deep elf pyromancers
  4 necromancers
  2 oklob plants (Lair:2)
  3 deep elf zephyrmancers
  8 ugly things
  3 manticores
  6 orc sorcerers
  4 cyclopes
  2 moths of wrath (Lair:1)
  21 elephants
  3 black mambas
  A dire elephant zombie (Lair:6)
  2 torpor snails
  A black mamba (shapeshifter) (D:15)
  3 ice statues
  16 cane toads
  4 smoke demons (WizLab)
  A rime drake (shapeshifter) (D:13)
  A gargoyle (D:11)
  2 hellions (WizLab)
  18 rime drakes
  2 efreet (D:15)
  16 komodo dragons
  2 unseen horrors
  2 kobold demonologists (D:6)
  11 ice devils (IceCv)
  3 tengu conjurers
  6 meliai
  2 trolls
  8 blink frogs
  A raiju (shapeshifter) (D:14)
  3 polar bears
  5 spectral elephants (Lair:6)
  11 slime creatures
  A centaur simulacrum (D:15)
  A dire elephant simulacrum (Lair:6)
  2 wraiths
  5 wyverns
  2 shadows
  2 vampires
  A ynoxinul (WizLab)
  42 yaks
  A basilisk (Lair:1)
  6 steam dragons (Lair:2)
  2 water elementals (Elf:1)
  4 vampire mosquitoes
  A neqoxec (WizLab)
  A death yak simulacrum (Lair:6)
  A spectral cane toad (Lair:6)
  3 acid dragons
  2 swamp worms (Lair:3)
  20 water moccasins
  9 black bears
  2 hornet zombies
  22 orc warriors
  8 ice beasts (Lair:4)
  A sky beast (D:6)
  2 necrophages
  2 elephant skeletons (Lair:6)
  4 elephant zombies (Lair:6)
  6 ogres
  7 wolves
  9 centaurs
  A lemure (D:8)
  4 phantoms
  16 bullfrogs
  8 kobold brigands
  2 wyvern zombies
  4 cane toad simulacra (Lair:6)
  6 scorpions
  2 troll zombies (D:12)
  An elephant simulacrum (Lair:6)
  9 killer bees
  4 wights (D:9)
  7 electric eels
  A howler monkey (D:6)
  A centaur zombie (D:5)
  5 hounds
  A centaur skeleton (D:5)
  3 jellies (Lair:6)
  A bullfrog zombie (D:7)
  9 orc priests
  An iguana (D:5)
  20 orc wizards
  6 ogre zombies (D:12)
  A hound skeleton (D:5)
  A howler monkey zombie (D:10)
  7 gnolls
  6 adders
  2 river rats (Sewer)
  9 white imps
  6 ufetubi (IceCv)
  3 dart slugs
  50 orcs
  9 endoplasms
  10 giant cockroaches
  4 goblins
  4 hobgoblins
  10 jackals
  3 quokkas
  9 ball pythons
  A bat (D:3)
  7 frilled lizards
  3 goblin skeletons (D:12)
  3 goblin zombies (D:12)
  A hobgoblin skeleton (D:12)
  2 hobgoblin zombies (D:12)
  25 kobolds
  4 orc skeletons (D:12)
  12 orc zombies (D:12)
  11 rats
  A bush (Lair:3)
  4 withered plants (Lair:6)
755 creatures vanquished.

Vanquished Creatures (collateral kills)
  An ice devil (WizLab)
1 creature vanquished.

Vanquished Creatures (others)
  A torpor snail (Lair:6)
  A cane toad (Lair:6)
  A yak (Lair:6)
  An orc priest (Orc:2)
  A white imp (IceCv)
  5 ufetubi (IceCv)
  56 fungi
  73 plants
  22 withered plants (Lair:6)
161 creatures vanquished.

Grand Total: 917 creatures vanquished

Notes
Turn   | Place    | Note
-------+----------+-------------------------------------------
     0 | D:1      | freelancePsychic the Human Conjurer began the quest for the
                  | Orb.
     0 | D:1      | Reached XP level 1. HP: 13/13 MP: 3/3
   455 | D:1      | Reached XP level 2. HP: 19/19 MP: 3/5
   544 | D:1      | Learned a level 2 spell: Searing Ray
   810 | D:1      | Reached XP level 3. HP: 24/24 MP: 4/6
  1392 | D:1      | Found a faded altar of an unknown god.
  1743 | D:2      | Reached XP level 4. HP: 30/30 MP: 8/8
  1966 | D:2      | Reached skill level 5 in Conjurations
  2369 | D:3      | Reached skill level 1 in Translocations
  2369 | D:3      | Reached XP level 5. HP: 35/35 MP: 3/10
  2765 | D:3      | Reached XP level 6. HP: 40/41 MP: 1/11
  3644 | D:4      | Found a transporter.
  3736 | D:5      | Entered Level 5 of the Dungeon
  3736 | D:5      | Found a glowing drain.
  3769 | Sewer    | Entered a sewer
  3924 | Sewer    | Reached XP level 7. HP: 41/46 MP: 3/13
  3929 | Sewer    | Learned a level 4 spell: Iskenderun's Mystic Blast
  4016 | Sewer    | Found a white marble altar of Elyvilon.
  4191 | D:5      | Found a staircase to the Ecumenical Temple.
  4203 | Temple   | Entered the Ecumenical Temple
  4444 | Temple   | Became a worshipper of Ashenzari the Shackled
  5088 | D:5      | Reached XP level 8. HP: 52/52 MP: 9/14
  5497 | D:6      | Reached skill level 5 in Translocations
  5648 | D:6      | Reached skill level 1 in Fighting
  5648 | D:6      | Reached skill level 5 in Spellcasting
  5792 | D:6      | Found a glowing silver altar of Zin.
  5886 | D:6      | Noticed a kobold demonologist
  5893 | D:6      | Noticed a kobold demonologist
  5895 | D:6      | Killed a kobold demonologist
  5901 | D:6      | Found Aniskuom's Assorted Antiques.
  6104 | D:6      | Reached XP level 9. HP: 62/62 MP: 8/16
  6393 | D:6      | Killed a kobold demonologist
  6612 | D:6      | Reached * piety under Ashenzari
  7162 | D:7      | Reached skill level 5 in Fighting
  7272 | D:7      | Noticed a moth of wrath
  7273 | D:7      | Noticed barkas's ghost (novice NaCj)
  7275 | D:7      | Found a bloodstained altar of Trog.
  7344 | D:7      | Found a transporter.
  7347 | D:7      | Found a transporter.
  7605 | D:7      | Reached ** piety under Ashenzari
  7708 | D:7      | Reached XP level 10. HP: 79/79 MP: 14/19
  7781 | D:7      | Found an ornate altar of the Wu Jian Council.
  7785 | D:7      | Found a hazy altar of Hepliaklqana.
  8926 | D:8      | Noticed Pikel
  8941 | D:8      | Killed Pikel
  9018 | D:8      | Identified the +4 chain mail of Inaction {rC+}
  9226 | D:9      | Reached skill level 10 in Conjurations
  9698 | D:9      | Reached *** piety under Ashenzari
  9716 | D:9      | Noticed Gastronok
 10832 | D:10     | Entered Level 10 of the Dungeon
 11360 | D:10     | Reached XP level 11. HP: 92/92 MP: 10/21
 11371 | D:10     | Reached **** piety under Ashenzari
 11736 | D:10     | Found a runed translucent door.
 11825 | D:10     | Noticed a fire crab
 12222 | D:10     | Noticed a fire crab
 12246 | D:10     | Reached skill level 5 in Dodging
 12679 | D:11     | Noticed a two-headed ogre
 12692 | D:11     | Killed a two-headed ogre
 12781 | D:11     | Noticed a two-headed ogre
 12791 | D:11     | Killed a two-headed ogre
 13652 | D:11     | Noticed a two-headed ogre
 13653 | D:11     | Found a staircase to the Lair.
 13663 | D:11     | Killed a two-headed ogre
 13664 | D:11     | Reached XP level 12. HP: 88/103 MP: 7/24
 13844 | D:11     | Found a runed translucent door.
 13844 | D:11     | Noticed lunkers's ghost (journeyman FoEE)
 14259 | D:11     | Killed lunkers's ghost
 14376 | D:12     | Noticed a two-headed ogre
 14484 | D:12     | Noticed a two-headed ogre
 14495 | D:11     | Reached skill level 1 in Fire Magic
 14614 | D:12     | Reached skill level 2 in Fire Magic
 14615 | D:12     | Killed a two-headed ogre
 14616 | D:12     | Reached skill level 3 in Fire Magic
 14616 | D:12     | Killed a two-headed ogre
 14617 | D:12     | Reached skill level 4 in Fire Magic
 14971 | D:12     | Noticed a two-headed ogre
 15003 | D:11     | Killed a two-headed ogre
 15004 | D:11     | Reached skill level 5 in Fire Magic
 15292 | D:12     | Reached skill level 6 in Fire Magic
 15685 | D:12     | Reached skill level 7 in Fire Magic
 15943 | D:12     | Learned a level 6 spell: Starburst
 16214 | D:12     | Found a staircase to the Orcish Mines.
 16389 | Orc:1    | Entered Level 1 of the Orcish Mines
 16562 | Orc:2    | Entered Level 2 of the Orcish Mines
 16777 | Orc:2    | Found a staircase to the Elven Halls.
 16865 | Orc:2    | Reached skill level 8 in Fire Magic
 17527 | Orc:2    | Found a burning altar of Makhleb.
 17726 | Orc:2    | Found Obbess's Jewellery Emporium.
 17910 | Orc:2    | Found Jali's Book Boutique.
 17911 | Orc:2    | Noticed an orc high priest
 17912 | Orc:2    | Noticed an orc high priest
 17915 | Orc:2    | Reached XP level 13. HP: 99/109 MP: 3/25
 18065 | Orc:1    | Reached skill level 9 in Fire Magic
 18518 | Orc:2    | Reached skill level 10 in Fire Magic
 19421 | Orc:2    | Reached skill level 11 in Fire Magic
 19562 | Orc:2    | Found Geru's Assorted Antiques.
 19563 | Orc:2    | Found Femeamp's Magic Scroll Emporium.
 19636 | Orc:2    | Found Viniufep's Magic Scroll Emporium.
 19714 | Orc:2    | Noticed an ettin
 19722 | Orc:2    | Killed an ettin
 20062 | Orc:2    | Bought a scroll of acquirement for 780 gold pieces
 20062 | Orc:2    | Acquired a staff of fire
 20178 | Lair:1   | Entered Level 1 of the Lair of Beasts
 20245 | Lair:1   | Found a frozen archway.
 20380 | IceCv    | Entered an ice cave
 20476 | IceCv    | Reached skill level 12 in Fire Magic
 20911 | IceCv    | Identified the +4 pair of gloves of Udisikeh {rN++ Str-4
                  | Int+7}
 21074 | IceCv    | Reached skill level 1 in Shields
 21318 | IceCv    | Noticed a reaper
 21329 | IceCv    | Killed a reaper
 21335 | IceCv    | Identified the +6 demon blade "Sirucaangu" {vorpal, Int+3}
 21858 | Lair:1   | Reached XP level 14. HP: 111/111 MP: 6/24
 22135 | Lair:1   | Found a transporter.
 22137 | Lair:1   | Noticed Gainor's ghost (novice HuMo)
 22138 | Lair:1   | Identified the +1 hat of the Poles {Drain rPois Int+3}
 22453 | Lair:1   | Found a transporter.
 22933 | Lair:2   | Identified the +1 leather armour "Puiramac" {-Cast Harm
                  | Rampage Str+3}
 22980 | Lair:2   | Reached skill level 13 in Fire Magic
 23175 | Lair:1   | Killed Gainor's ghost
 25017 | Lair:3   | Identified the ring of Isiolinisch {rF- rN+ Will++ Int+4
                  | Dex+6}
 25138 | Lair:3   | Reached skill level 14 in Fire Magic
 25487 | Lair:3   | Found a staircase to the Swamp.
 25993 | Lair:3   | Learned a level 8 spell: Ignition
 26022 | Lair:4   | Reached XP level 15. HP: 109/119 MP: 6/30
 26769 | Lair:4   | Found a hole to the Spider Nest.
 27699 | Lair:5   | Reached skill level 10 in Spellcasting
 27897 | Lair:5   | Reached skill level 15 in Fire Magic
 28760 | Lair:6   | Entered Level 6 of the Lair of Beasts
 28892 | Lair:6   | Found a staircase to the Slime Pits.
 29125 | Lair:6   | Reached skill level 16 in Fire Magic
 29264 | Lair:6   | Reached XP level 16. HP: 96/125 MP: 19/32
 29927 | Lair:6   | Identified the +8 shortbow of Agony {venom, rN+ Dex+4}
 30363 | Lair:6   | Reached ***** piety under Ashenzari
 30695 | Lair:6   | Reached skill level 17 in Fire Magic
 31782 | Lair:6   | Identified Igrumec's Tome of Unholy Rites and Conjuration
 31965 | Lair:6   | Reached skill level 18 in Fire Magic
 32265 | D:13     | Reached skill level 1 in Earth Magic
 32686 | D:13     | Found a gate to the Vaults.
 32812 | D:13     | Noticed Frances
 32817 | D:13     | Killed Frances
 32928 | D:13     | Noticed pokeman's ghost (journeyman DEWz)
 32929 | D:13     | Found a transporter.
 32986 | D:13     | Identified the amulet of Duyr {RegenMP *Corrode +Inv
                  | Slay+4}
 33000 | D:13     | Found a transporter.
 33052 | D:13     | Learned a level 6 spell: Iron Shot
 33062 | D:13     | Reached XP level 17. HP: 133/133 MP: 10/33
 33452 | D:13     | Reached skill level 10 in Fighting
 33832 | D:14     | Found Wennudupta's Weapon Shop.
 34266 | D:14     | Found a shadowy altar of Dithmenos.
 34362 | D:14     | Found Xihow's Distillery.
 34382 | D:14     | Bought a potion of brilliance for 52 gold pieces
 34527 | D:14     | Found Qischunt's Armour Boutique.
 34550 | D:15     | Entered Level 15 of the Dungeon
 34657 | D:15     | Found a runed translucent gate.
 34657 | D:15     | Found a runed translucent gate.
 34657 | D:15     | Found a runed translucent gate.
 34669 | D:15     | Acquired the ring "Koso" {rC+ Str+6}
 34671 | D:15     | Acquired a scarf of resistance
 34691 | D:15     | Reached skill level 1 in Staves
 34743 | D:15     | Reached skill level 5 in Earth Magic
 35075 | D:15     | Found a staircase to the Depths.
 35312 | D:15     | Noticed Ujot's ghost (journeyman DsGl)
 35318 | D:15     | Killed Ujot's ghost
 35657 | Elf:1    | Entered Level 1 of the Elven Halls
 35694 | Elf:1    | Found a magical portal.
 35710 | WizLab   | Entered Doroklohe's Tomb
 35779 | WizLab   | Noticed a Tzitzimitl
 35796 | WizLab   | Killed a Tzitzimitl
 36007 | WizLab   | HP: 6/139 [hellion/damnation (37)]
 36008 | WizLab   | Mangled by a soul eater

Illustrated notes

Levels and vault maps discovered:
D:1:      giann_horns, layout_loops_ring, ebering_ecumenical_altar_petrified,
          minivault_26, minmay_bisected
D:2:      layout_rooms, serial_glass, glass_columns_a, glass_columns_a,
          feat_on_display, item_on_display_a, feat_on_display,
          minmay_strange_pillars, minmay_three_crescents
D:3:      layout_basic
D:4:      layout_loops_ring, slow_altar_2, gammafunk_ghost_stat_death,
          chequers_garden, corexii_corridor_pit
D:5:      layout_loops_ring, minmay_temple_entry_ruins, portal_sewer_entry_b,
          serial_bayou_ford_a, lexackson_kobold_supper
D:6:      layout_loops_ring, kennysheep_little_box, serial_shops, shop,
          minmay_statues_item
D:7:      layout_rooms, grunt_temple_overflow_open,
          gammafunk_ghost_wrathful_warriors
D:8:      layout_basic, uniq_pikel
D:9:      layout_stronghold, amcnicky_mini_rare_corridor_liquid, uniq_gastronok
D:10:     gammafunk_mikee_crab_dinner, layout_long_grid
D:11:     layout_basic, grunt_lair_entry_orc_guard_hut,
          ebering_ghost_inner_flame, serial_rivers,
          chequers_serial_rivers_large_b, chequers_serial_rivers_small_b,
          chequers_serial_rivers_marsh, chequers_serial_rivers_micro_c,
          chequers_serial_rivers_micro_d
D:12:     layout_cross, zombieorc2_lemuel
D:13:     layout_irregular_city, david_vaults_5, gammafunk_ghost_arena,
          uniq_frances
D:14:     layout_rooms, special_room [special_room_orc], minmay_misc_feat_roman,
          serial_shops, nicolae_shop_trees, shop, nicolae_shop_window_shopping,
          nicolae_dithmenos_the_darkroom
D:15:     hangedman_depths_entry_civil_slaughter, layout_small_grid,
          ebering_ghost_rock_garden
Temple:   regret_index_temple_mists
Lair:1:   layout_roguey, gammafunk_ghost_berserking_beasts, portal_ice_cave_rime
Lair:2:   layout_gridlike, bobbens_dragon_lair_wall, minmay_lair_oklob_chamber
Lair:3:   layout_cave_shapes, nicolae_swamp_entry_splash_gauntlet,
          beast_lair_carwin_8, grunt_megastairs_3
Lair:4:   layout_gridlike, spider_nest_entry_web_field, ice2_lemuel
Lair:5:   layout_small_grid, chequers_serial_rivers_small_b, grunt_megastairs_4
Lair:6:   due_jungle_book, layout_small_grid, nicolae_slime_entry_slimehenge
Orc:1:    layout_diamond_mine, basic_altar, minmay_orc_temple_a, uniq_sonja
Orc:2:    st_orc_elflike, layout_diamond_mine, basic_altar, serial_shops,
          nicolae_shop_stone, lemuel_statue_altar
Elf:1:    elf_arrival_001, layout_loops_cross, infiniplex_enter_wizlab_water,
          hangedman_elven_crosses_minicolossus
WizLab:   wizlab_doroklohe

Skill      XL: |  1  2  3  4  5  6  7  8  9 10 11 12 13 14 15 16 17 |
---------------+----------------------------------------------------+-----
Spellcasting   | 3 4 5 8 10 | 10.1
Conjurations   | 5 6 7 8 10 12 | 12.6
Translocations | 1 2 3 4 5 |  5.2
Fighting       | 2 6 8 9 10 | 10.2
Evocations     | 2 |  2.0
Dodging        | 3 7 8 9 |  9.2
Fire Magic     | 8 12 14 16 18 | 18.0
Shields        | 4 |  4.0
Earth Magic    | 3 8 |  8.4
Staves         | 2 |  2.9
Stealth        | |  2.0

Action                   |  1- 3 |  4- 6 |  7- 9 | 10-12 | 13-15 | 16-18 || total
-------------------------+-------+-------+-------+-------+-------+-------++-------
Melee: Short sword       |    68 |    50 |     9 |    77 |     9 |       ||   213
       Staff             |       |       |       |       |   100 |    87 ||   187
 Cast: Magic Dart        |    21 |    32 |     9 |     9 |     3 |       ||    74
       Searing Ray       |     4 |    20 |    45 |    63 |     4 |       ||   136
       Iskenderun's Myst |       |       |    14 |   129 |     6 |       ||   149
       Starburst         |       |       |       |    31 |   216 |    77 ||   324
       Ignition          |       |       |       |       |       |    22 ||    22
       Iron Shot         |       |       |       |       |       |    69 ||    69
Invok: Curse Item        |       |       |     3 |     4 |     3 |     4 ||    14
       Shatter the Chain |       |       |       |       |     3 |     3 ||     6
Evoke: Wand              |       |       |       |    20 |     2 |    18 ||    40
       Box of beasts     |       |       |       |       |       |     2 ||     2
       Condenser vane    |       |       |       |       |       |     2 ||     2
  Use: Scroll            |       |     4 |     5 |     5 |     2 |     8 ||    24
       Potion            |       |       |     1 |       |     5 |     2 ||     8
 Stab: Sleeping          |     5 |     2 |       |     5 |       |     1 ||    13
       Distracted        |     1 |       |       |       |       |       ||     1
Armor: Robe              |    14 |    21 |    32 |    59 |    82 |    42 ||   250
Dodge: Dodged            |    48 |    52 |    61 |   199 |   157 |   127 ||   644
Block: Buckler           |       |       |       |       |    42 |    51 ||    93

Table legend: (Time is in decaauts)
 A = Elapsed time spent in this place.
 B = Non-inter-level travel time spent in this place.
 C = Inter-level travel time spent in this place.
 D = Time resting spent in this place.
 E = Time spent auto-exploring this place.
 F = Levels seen in this place.
 G = Mean time per level.
                   A        B        C        D        E       F      G
               +--------+--------+--------+--------+--------+-----+--------+
         Total |  36311 |  35297 |   1014 |   5825 |  24564 |  28 | 1296.8 |
       Dungeon |  19410 |  18907 |    503 |   2952 |  13516 |  15 | 1294.0 |
        Temple |    325 |    261 |     64 |      0 |    257 |   1 |  325.0 |
          Lair |  10884 |  10597 |    287 |   1308 |   7916 |   6 | 1814.0 |
  Orcish Mines |   3793 |   3634 |    159 |    985 |   2078 |   2 | 1896.5 |
   Elven Halls |     56 |     56 |      0 |      0 |      0 |   1 |   56.0 |
         Sewer |    327 |    327 |      0 |      5 |    274 |   1 |  327.0 |
      Ice Cave |   1217 |   1217 |      0 |    438 |    509 |   1 | 1217.0 |
        Wizlab |    296 |    296 |      0 |    137 |     12 |   1 |  296.0 |
               +--------+--------+--------+--------+--------+-----+--------+

Top non-repeatable levels by time:
  Lair:6: 3165 daAuts
    D:11: 2903 daAuts
   Orc:2: 2542 daAuts
  Lair:1: 2118 daAuts
    D:10: 1919 daAuts
  Lair:5: 1675 daAuts
     D:1: 1631 daAuts
     D:9: 1588 daAuts
    D:13: 1570 daAuts
     D:6: 1493 daAuts
  Lair:4: 1381 daAuts
  Lair:3: 1353 daAuts
     D:8: 1308 daAuts
     D:3: 1266 daAuts
   Orc:1: 1250 daAuts
